Map: Nightscape CE

Players

Ttx

  • Race: Terran Terran
  • Spawn Location: 7:00

killzone

  • Race: Protoss Protoss
  • Spawn Location: 7:00

Ekelpack - Winner!

  • Race: Zerg Zerg
  • Spawn Location: 1:00

Nyck - Winner!

  • Race: Terran Terran
  • League: Silver
  • Spawn Location: 1:00

VOD

Have the link to the VOD?

Description

Time

  • Played on: Oct. 15, 2024, 2:01 p.m.
  • Length: 21:14
Show
View Real Time Build Order
Export as new Build Order

Ttx Terran 

Build Orders:  

Get SALT Encoding   

  12  0:00  SCV  
  13  0:12  SCV  
  14  0:24  SCV  
  15  0:29  Supply Depot, Refinery  
  15  0:50  SCV  
  15  0:53  Barracks  
  16  1:02  SCV  
  17  1:15  SCV  
  18  1:27  SCV  
  19  1:39  SCV  
  20  1:41  Supply Depot, Marine  
  20  1:47  Factory  
  21  1:51  SCV  
  22  2:00  Marine  
  23  2:03  SCV  
  24  2:11  Bunker  
  24  2:15  SCV  
  25  2:16  Barracks  
  25  2:21  Marine  
  26  2:27  SCV, Bunker  
  27  2:35  Hellion  
  29  2:39  SCV, Marine  
  29  2:43  Supply Depot  
  31  2:58  Supply Depot  
  31  3:04  Marine x2  
  31  3:05  Hellion  
  35  3:10  Refinery  
  35  3:22  Marine x2  
  37  3:38  Hellion  
  39  3:47  Command Center  
  39  3:56  Orbital Command  
  39  4:00  Barracks Reactor  
  39  4:10  Factory  
  39  4:33  SCV  
  39  4:38  Marine x2  
  41  4:45  Barracks Tech Lab, SCV  
  43  4:51  Engineering Bay  
  43  4:53  Armory  
  43  4:57  SCV  
  44  5:06  Supply Depot  
  44  5:15  Widow Mine x2, Barracks Reactor  
  44  5:16  Factory Tech Lab  
  48  5:22  Missile Turret  
  48  5:24  Missile Turret  
  48  5:31  Missile Turret  
  48  5:38  SCV  
  48  5:41  Missile Turret  
  49  5:48  Orbital Command  
  49  5:50  SCV  
  49  5:53  Terran Vehicle Weapons Level 1  
  49  5:55  Drilling Claws  
  50  6:02  SCV  
  51  6:06  Refinery  
  51  6:09  Refinery  
  51  6:12  Command Center  
  51  6:15  Marine x2  
  51  6:18  SCV  
  56  6:25  Widow Mine  
  56  6:26  Widow Mine  
  56  6:33  Missile Turret  
  56  6:35  Missile Turret  
  56  6:38  Missile Turret  
  56  6:41  Missile Turret  
  56  6:44  Hi-Sec Auto Tracking, Missile Turret  
  56  6:49  Marine, Widow Mine  
  59  6:57  SCV, Missile Turret  
  59  6:59  SCV  
  61  7:09  Marine, Widow Mine  
  61  7:11  SCV  
  61  7:12  Marine  
  66  7:19  Missile Turret  
  66  7:28  Engineering Bay  
  66  7:30  Siege Tank  
  66  7:31  Widow Mine x2  
  73  7:37  Missile Turret  
  73  7:40  Bunker  
  73  7:42  SCV  
  73  7:43  SCV x2  
  76  7:51  Neosteel Armor  
  76  7:52  Widow Mine  
  76  7:54  SCV  
  76  7:55  SCV  
  76  7:56  Stimpack  
  81  8:04  Orbital Command  
  80  8:06  SCV  
  80  8:10  SCV, Missile Turret  
  82  8:18  SCV  
  83  8:28  SCV  
  83  8:29  Refinery  
  83  8:30  Marine  
  85  8:34  Supply Depot  
  85  8:36  Terran Vehicle Weapons Level 2  
  85  8:37  Supply Depot  
  85  8:51  Factory  
  85  8:53  Factory  
  85  8:55  Barracks  
  85  8:56  SCV x2, Marine, Widow Mine, Siege Tank  
  85  8:58  Marine, Barracks  
  85  8:59  SCV, Widow Mine  
  85  9:01  Supply Depot, Refinery  
  97  9:02  Supply Depot  
  97  9:08  SCV x2  
  99  9:11  SCV  
  100  9:20  SCV  
  101  9:27  Marine x2, Widow Mine x2  
  101  9:28  Siege Tank  
  110  9:32  Terran Infantry Weapons Level 1, Terran Infantry Armor Level 1  
  110  9:37  Combat Shield  
  110  9:45  Barracks Reactor  
  109  9:54  Barracks Tech Lab  
  109  9:56  Supply Depot  
  109  9:58  Supply Depot  
  109  9:59  Factory Tech Lab  
  109  10:00  Siege Tank, Factory Tech Lab  
  109  10:02  Marine, Widow Mine x2  
  117  10:08  Supply Depot  
  117  10:14  Supply Depot  
  117  10:17  Marine x2  
  117  10:18  SCV  
  117  10:20  Missile Turret  
  120  10:32  Siege Tank  
  123  10:41  Command Center  
  123  10:45  Starport  
  123  10:51  Siege Tank  
  123  10:52  Terran Vehicle And Ship Armor Level 1, Thor, Widow Mine  
  123  10:53  Marine, Widow Mine  
  123  10:54  Marine x4  
  141  10:59  Marine  
  141  11:01  Concussive Shells  
  142  11:11  Marine  
  143  11:30  Ghost Academy  
  143  11:33  Ghost Academy  
  143  11:34  Ghost Academy  
  143  11:44  Starport Reactor, Barracks  
  143  11:45  Barracks  
  143  12:17  Ghost x2  
  143  12:18  Marine x4  
  143  12:21  Terran Infantry Weapons Level 2  
  143  12:22  Terran Infantry Armor Level 2  
  151  12:28  Orbital Command  
  151  12:32  Barracks Tech Lab  
  151  12:34  Nuke, Personal Cloaking  
  151  12:35  Nuke  
  151  12:36  Barracks Tech Lab, Marine x3  
  154  12:40  Marine  
  155  12:46  Ghost x2, Medivac x2  
  163  12:54  Marine  
  164  13:03  Terran Vehicle Weapons Level 3  
  164  13:09  Supply Depot  
  164  13:13  Marine x4, Thor, Widow Mine x2  
  164  13:14  Supply Depot  
  164  13:15  Medivac  
  180  13:30  Siege Tank, Marine, Ghost x2  
  188  13:35  Supply Depot, Marine x2, Medivac  
  188  13:40  Supply Depot  
  192  13:42  Infernal Pre-Igniter  
  192  13:53  Command Center  
  192  13:59  Nuke  
  192  14:02  Supply Depot  
  192  14:27  Ghost x3  
  110  15:01  Marine x8  
  68  15:18  Marine  
  68  15:19  Marine  
  69  15:29  Siege Tank x3  
  69  15:30  Marine, Widow Mine x2  
  69  15:31  Marine x5  
  88  15:36  Marine  
  88  15:37  Marine  
  88  15:39  Terran Vehicle And Ship Armor Level 2  
  90  15:47  Medivac x2  
  85  15:51  Widow Mine  
  85  15:52  Widow Mine  
  87  16:01  Siege Tank  
  87  16:02  Widow Mine x2  
  94  16:07  Marine x2  
  95  16:13  Widow Mine x2  
  95  16:17  Medivac  
  101  16:23  Siege Tank x2  
  107  16:33  Siege Tank, Marine x2  
  107  16:34  Widow Mine  
  88  17:11  Ghost, Widow Mine x3  
  88  17:12  Widow Mine  
  88  17:13  Marine  
  92  17:31  Marine x2  
  86  17:47  Orbital Command  
  81  17:53  Ghost  
  80  17:59  SCV  
  81  18:07  Widow Mine  
  83  18:33  SCV x2  
  85  18:44  Siege Tank  
  85  18:45  Widow Mine  
  90  18:54  Siege Tank  
  94  18:56  Ghost  
  95  19:23  Siege Tank, Widow Mine  
  100  19:24  SCV  
  101  19:33  Marine x2  
  99  19:53  Siege Tank x2  
  99  19:54  Widow Mine x2  
  105  20:09  Bunker  
  105  20:14  Missile Turret  
  80  20:48  Marine x4  
  86  20:50  Widow Mine  
Show
View Real Time Build Order
Export as new Build Order

killzone Protoss 

Build Orders: Carriers 

Get SALT Encoding   

  12  0:03  Probe (Chrono Boost)  
  13  0:12  Probe (Chrono Boost)  
  14  0:19  Pylon  
  14  0:20  Probe  
  15  0:37  Probe  
  16  0:43  Gateway  
  16  0:48  Assimilator  
  16  0:50  Probe  
  17  1:02  Probe (Chrono Boost)  
  17  1:04  Assimilator  
  18  1:14  Probe (Chrono Boost)  
  19  1:19  Probe (Chrono Boost)  
  20  1:28  Probe  
  21  1:40  Probe  
  22  1:55  Cybernetics Core  
  22  2:08  Pylon  
  22  2:13  Gateway  
  22  2:32  Stalker, Warp Gate (Chrono Boost)  
  22  2:33  Nexus  
  24  2:42  Stargate  
  24  3:02  Stargate  
  24  3:07  Stalker x2  
  28  3:38  Pylon  
  32  3:50  Void Ray  
  36  3:57  Void Ray  
  36  3:58  Probe (Chrono Boost)  
  36  3:59  Probe (Chrono Boost)  
  38  4:08  Probe (Chrono Boost)  
  38  4:09  Probe (Chrono Boost)  
  44  4:42  Probe (Chrono Boost)  
  44  4:44  Void Ray  
  46  4:47  Probe (Chrono Boost)  
  46  4:51  Probe (Chrono Boost)  
  47  4:53  Assimilator  
  47  4:55  Probe (Chrono Boost)  
  48  5:06  Probe  
  53  5:08  Void Ray  
  53  5:20  Probe  
  54  5:26  Pylon  
  54  5:29  Pylon  
  54  5:31  Assimilator  
  54  5:34  Pylon  
  54  5:44  Probe x2  
  56  5:56  Probe x2  
  66  6:11  Probe (Chrono Boost)  
  66  6:16  Void Ray x2, Probe (Chrono Boost)  
  68  6:22  Probe (Chrono Boost)  
  70  6:25  Probe (Chrono Boost)  
  70  6:26  Probe (Chrono Boost)  
  71  6:35  Probe  
  71  6:38  Forge, Probe  
  73  6:47  Probe  
  73  6:50  Probe  
  75  7:00  Probe  
  76  7:14  Fleet Beacon  
  76  7:15  Nexus, Stargate  
  76  7:21  Cybernetics Core  
  76  7:27  Pylon  
  76  7:29  Pylon  
  76  7:32  Pylon  
  72  8:03  Photon Cannon  
  72  8:05  Photon Cannon  
  72  8:08  Photon Cannon  
  72  8:10  Photon Cannon  
  72  8:13  Photon Cannon  
  72  8:16  Photon Cannon  
  72  8:19  Shield Battery  
  78  8:20  Shield Battery  
  78  8:23  Assimilator  
  78  8:27  Assimilator  
  78  8:29  Carrier (Chrono Boost)  
  78  8:36  Carrier x2 (Chrono Boost)  
  90  8:47  Protoss Shields Level 1 (Chrono Boost)  
  90  8:54  Protoss Air Weapons Level 1 (Chrono Boost), Protoss Air Armor Level 1 (Chrono Boost)  
  90  8:57  Probe (Chrono Boost)  
  90  8:58  Probe x2 (Chrono Boost)  
  93  9:09  Probe (Chrono Boost)  
  96  9:15  Probe x2 (Chrono Boost)  
  97  9:17  Probe (Chrono Boost)  
  97  9:21  Probe x2 (Chrono Boost)  
  99  9:26  Stargate  
  99  9:31  Carrier  
  99  9:33  Carrier, Probe  
  112  9:52  Probe x2  
  114  9:53  Probe  
  115  10:28  Pylon  
  115  10:30  Pylon  
  115  10:34  Pylon  
  115  10:46  Carrier  
  115  10:48  Carrier x2  
  133  10:52  Carrier  
  139  11:03  Protoss Air Armor Level 2 (Chrono Boost)  
  139  11:05  Protoss Air Weapons Level 2 (Chrono Boost)  
  138  11:55  Pylon  
  138  12:00  Pylon  
  138  12:02  Pylon  
  138  12:10  Carrier (Chrono Boost)  
  138  12:13  Tempest (Chrono Boost)  
  138  12:14  Pylon  
  149  12:16  Pylon  
  149  12:18  Pylon  
  149  12:20  Pylon  
  154  12:24  Stargate  
  154  12:25  Tempest (Chrono Boost)  
  154  12:26  Stargate  
  154  12:28  Stargate  
  154  12:40  Carrier (Chrono Boost)  
  160  13:08  Tempest x2 (Chrono Boost)  
  160  13:09  Tempest (Chrono Boost)  
  175  13:17  Tempest x2 (Chrono Boost)  
  175  13:18  Tempest (Chrono Boost)  
  190  13:54  Protoss Air Weapons Level 3  
  190  14:05  Protoss Air Armor Level 3  
  150  15:21  Unknown  
  114  16:17  Carrier  
  126  16:18  Carrier x2  
  132  16:37  Nexus  
  132  16:40  Assimilator  
  132  16:41  Pylon  
  132  16:44  Pylon  
  132  16:46  Pylon  
  132  16:49  Pylon  
  132  16:50  Pylon  
  132  16:52  Pylon  
  132  16:53  Pylon  
  132  16:59  Carrier  
  132  17:00  Pylon  
  138  17:02  Carrier x2  
  100  18:34  Nexus  
  100  18:37  Assimilator  
  100  18:39  Pylon  
  100  18:42  Pylon  
  100  18:44  Pylon  
  89  18:59  Phoenix x5  
  89  19:00  Phoenix x2  
  103  19:18  Photon Cannon  
  103  19:20  Photon Cannon  
  103  19:22  Photon Cannon  
  103  19:25  Photon Cannon  
  103  19:26  Photon Cannon  
  103  19:30  Photon Cannon  
  103  19:31  Shield Battery  
  103  19:34  Shield Battery  
Show
View Real Time Build Order
Export as new Build Order

Ekelpack Zerg - Winner!

Build Orders: Hatch First 

Get SALT Encoding   

  12  0:00  Drone  
  13  0:13  Overlord  
  13  0:19  Drone  
  14  0:32  Drone  
  15  0:49  Drone, Hatchery  
  15  1:03  Spawning Pool  
  14  1:06  Drone  
  15  1:12  Drone  
  15  1:14  Extractor  
  15  1:15  Drone  
  16  1:21  Drone  
  17  1:29  Drone  
  18  1:51  Queen  
  18  1:53  Overlord  
  20  2:01  Queen  
  20  2:06  Zergling x2  
  23  2:13  Metabolic Boost  
  23  2:17  Drone  
  24  2:24  Extractor  
  23  2:38  Drone x3  
  26  2:50  Lair  
  26  2:56  Drone  
  27  3:03  Drone x3  
  30  3:10  Drone x3  
  30  3:11  Overlord  
  33  3:21  Extractor  
  33  3:23  Drone x2  
  33  3:24  Overlord  
  34  3:33  Drone x2  
  36  3:41  Drone  
  37  3:45  Overlord  
  37  3:51  Spire  
  36  3:58  Drone x2  
  36  4:01  Extractor  
  37  4:12  Drone  
  37  4:13  Drone  
  37  4:14  Drone x2  
  41  4:31  Zergling x8  
  41  4:32  Zergling x4  
  41  4:35  Queen  
  48  4:53  Overlord  
  48  5:03  Mutalisk x5  
  48  5:05  Overlord  
  58  5:24  Mutalisk  
  58  5:25  Mutalisk x4  
  58  5:27  Mutalisk  
  70  5:29  Hatchery  
  70  5:34  Zerg Flyer Weapons Level 1  
  69  5:45  Overlord  
  69  6:06  Pneumatized Carapace, Infestation Pit  
  68  6:12  Overlord  
  68  6:13  Zergling x2  
  68  6:14  Zergling x12  
  73  6:40  Drone x4  
  77  6:52  Hive  
  77  6:55  Drone x2  
  77  6:57  Extractor  
  77  6:58  Extractor  
  77  7:00  Evolution Chamber  
  76  7:04  Evolution Chamber  
  76  7:06  Drone x3  
  78  7:14  Overlord  
  78  7:42  Drone x2  
  80  7:44  Drone x3  
  80  7:50  Zerg Melee Weapons Level 1  
  80  7:51  Zerg Ground Armor Level 1  
  83  7:59  Overlord x2  
  83  8:02  Zergling x6  
  86  8:28  Ultralisk Cavern  
  85  8:56  Adrenal Glands  
  85  8:58  Overlord x2  
  85  9:20  Chitinous Plating  
  85  9:21  Hatchery  
  85  9:22  Ultralisk  
  85  9:23  Ultralisk x4  
  114  9:24  Ultralisk  
  120  9:47  Zerg Melee Weapons Level 2  
  120  9:48  Zerg Ground Armor Level 2  
  120  9:54  Ultralisk  
  126  10:04  Drone  
  126  10:05  Drone  
  128  10:08  Drone  
  128  10:09  Overlord x2  
  129  10:34  Ultralisk x2  
  141  10:39  Anabolic Synthesis  
  141  10:41  Drone x3  
  141  10:42  Drone x4  
  148  10:44  Drone  
  149  11:05  Overlord  
  149  11:06  Overlord  
  140  11:39  Ultralisk x4  
  164  11:42  Overlord x3  
  164  11:45  Drone x2  
  166  12:06  Zerg Melee Weapons Level 3  
  166  12:07  Zerg Ground Armor Level 3  
  162  12:30  Ultralisk  
  162  12:31  Ultralisk x3  
  186  12:47  Overlord  
  186  12:57  Extractor  
  185  13:00  Ultralisk  
  191  13:08  Ultralisk  
  191  13:09  Zergling x4  
  177  14:45  Corruptor  
  177  14:46  Corruptor x4  
  177  14:47  Corruptor x6  
  177  14:48  Corruptor x7  
  177  14:49  Corruptor  
  173  14:57  Zergling x14  
  173  14:58  Zergling x10  
  173  14:59  Zergling x6  
  187  15:00  Zergling x10  
  149  15:34  Ultralisk x5  
  147  15:59  Corruptor, Ultralisk x2  
  146  16:16  Corruptor x2  
  149  16:18  Overlord  
  149  16:22  Extractor  
  148  16:36  Corruptor  
  148  16:37  Corruptor x7  
  148  16:38  Corruptor x3  
  145  16:55  Corruptor x3  
  75  17:49  Zergling x10  
  62  17:53  Hatchery  
  50  18:17  Corruptor x2  
  50  18:18  Corruptor x6  
  50  18:19  Corruptor  
  65  18:46  Ultralisk x4  
  89  19:09  Overseer  
  84  19:22  Extractor  
  80  19:56  Zergling x12  
  80  19:57  Zergling x6  
  77  20:11  Zergling x2  
  58  20:32  Zergling x10, Ultralisk x2  
  58  20:33  Zergling x2  
  66  20:38  Hatchery  
  55  20:51  Zergling x6  
  55  20:52  Zergling x2  
Show
View Real Time Build Order
Export as new Build Order

Nyck Terran - Winner!

Build Orders: Reaper Expand 

Get SALT Encoding   

  12  0:00  SCV  
  13  0:12  SCV  
  14  0:18  Supply Depot  
  14  0:25  SCV  
  15  0:42  SCV, Barracks  
  16  0:53  Refinery  
  16  0:57  Barracks  
  16  1:00  SCV  
  17  1:19  SCV  
  18  1:41  Reaper, Command Center  
  19  1:53  Orbital Command  
  19  2:04  Refinery  
  19  2:08  Barracks Tech Lab  
  19  2:20  SCV  
  20  2:24  Barracks Reactor  
  20  2:29  Engineering Bay  
  20  2:33  SCV  
  20  2:35  Marine  
  22  2:45  SCV  
  23  2:53  Marine  
  23  2:57  SCV  
  25  3:15  Orbital Command  
  25  3:17  SCV  
  26  3:26  Marine x2  
  28  3:27  Marine  
  28  3:29  Combat Shield, SCV  
  28  3:30  Terran Infantry Weapons Level 1  
  30  3:34  Engineering Bay  
  30  3:41  SCV  
  30  3:42  SCV  
  30  3:46  Refinery  
  30  3:47  Marine x2  
  34  3:53  SCV  
  34  3:54  SCV, Factory  
  36  4:04  Refinery  
  36  4:05  SCV  
  36  4:06  SCV  
  38  4:16  Supply Depot  
  38  4:19  Terran Infantry Armor Level 1  
  38  4:23  SCV  
  38  4:37  Marine x2  
  38  4:38  SCV x2, Marauder  
  44  4:39  Supply Depot  
  44  4:50  SCV  
  45  4:53  SCV  
  45  4:54  Bunker  
  45  4:59  Marine x2  
  47  5:02  Marauder  
  47  5:03  Supply Depot  
  50  5:09  SCV x2, Armory  
  52  5:26  Command Center  
  52  5:29  SCV x2  
  54  5:40  Marine x3  
  54  5:41  SCV x2  
  59  5:53  SCV x2  
  61  5:58  Marine x2  
  63  6:07  Marine  
  64  6:15  Command Center, Terran Infantry Weapons Level 2  
  64  6:16  Terran Infantry Armor Level 2  
  64  6:18  Terran Vehicle And Ship Armor Level 1  
  64  6:27  Starport  
  64  6:28  Factory Reactor  
  64  6:33  Barracks  
  64  6:38  Barracks  
  64  6:44  SCV x2  
  66  6:56  SCV x2  
  66  7:00  Marine x2  
  70  7:12  Barracks  
  70  7:17  SCV x2  
  72  7:29  Viking x2  
  76  7:31  Supply Depot  
  76  7:33  SCV  
  76  7:34  SCV  
  76  7:35  Factory Reactor  
  76  7:36  Orbital Command  
  78  7:45  Orbital Command  
  78  7:48  SCV  
  78  7:49  SCV  
  80  7:53  Marine x2  
  80  7:54  Supply Depot, Barracks Reactor  
  80  7:55  Barracks Reactor  
  80  7:58  Marine  
  83  8:00  Viking x2  
  87  8:08  Armory  
  87  8:12  Terran Ship Weapons Level 1  
  87  8:16  Supply Depot, SCV x3, Refinery x2  
  87  8:17  SCV  
  87  8:19  Marine x2  
  93  8:30  Medivac x2  
  97  8:37  Barracks  
  97  8:38  Supply Depot, Starport  
  97  8:47  Barracks  
  97  8:53  SCV x4  
  101  9:00  Medivac x2  
  101  9:01  Supply Depot  
  105  9:04  Marine  
  105  9:05  SCV x3, Marine x2  
  105  9:06  SCV  
  105  9:08  Barracks Reactor  
  112  9:12  Terran Infantry Weapons Level 3  
  112  9:13  Terran Infantry Armor Level 3, Terran Vehicle And Ship Armor Level 2  
  112  9:17  SCV x2  
  112  9:18  SCV  
  112  9:19  SCV  
  116  9:27  Marine x5  
  116  9:29  SCV x2, Barracks Reactor  
  116  9:30  SCV, Medivac x2  
  129  9:31  SCV  
  129  9:37  Stimpack  
  129  9:43  SCV x3  
  132  9:48  Refinery  
  132  9:50  Refinery  
  132  9:54  Marine x8  
  132  9:59  Supply Depot  
  140  10:00  Marine, Viking x2  
  140  10:06  Supply Depot  
  145  10:10  Medivac  
  145  10:11  Marine  
  148  10:20  Marine x6, Medivac  
  156  10:21  Supply Depot  
  156  10:28  Marine x4  
  160  10:29  Marine  
  160  10:30  Medivac  
  160  10:33  Medivac  
  165  10:38  Supply Depot, Marine x6  
  165  10:40  Medivac  
  173  10:45  Marine x2  
  173  10:46  Marine x2  
  173  10:47  Marine  
  173  10:49  Supply Depot  
  178  10:50  Medivac  
  178  10:52  SCV x2  
  178  10:53  SCV  
  178  10:56  Marine x6  
  189  11:00  Supply Depot, Medivac  
  189  11:02  Medivac  
  189  11:03  Marine x4  
  197  11:05  Marine  
  198  11:14  Marine x2  
  200  13:41  Command Center  
  200  13:42  Command Center  
  200  13:50  Command Center  
  200  14:47  Viking x4  
  139  15:17  Viking x4  
  126  15:33  Supply Depot  
  126  15:37  Starport  
  126  15:38  Starport  
  126  15:46  Viking x3  
  126  15:47  Viking  
  100  16:16  Viking x4  
  108  16:20  Starport Reactor x2  
  95  16:41  SCV x4  
  95  16:46  Viking x4  
  106  16:55  Marine x6  
  106  16:56  Marine x5  
  117  17:01  Viking  
  117  17:02  Viking x3  
  117  17:07  Terran Vehicle And Ship Armor Level 3, Terran Ship Weapons Level 2  
  125  17:13  Marine x11  
  136  17:16  Viking x4  
  136  17:30  Marine  
  136  17:31  Marine x6, Viking  
  136  17:32  Viking x3  
  137  17:46  Viking x4  
  140  17:56  Marine x6  
  140  17:57  Marine x5  
  146  18:01  Viking x2  
  146  18:02  Viking x2  
  149  18:14  Marine x10  
  149  18:16  Viking x4  
  167  18:30  Marine  
  167  18:31  Marine, Viking x4  
  167  18:32  Marine x9  
  186  18:46  Viking x4  
  186  18:48  Marine  
  182  18:49  Marine  
  182  18:50  Marine x9  
  193  19:01  Viking x3  
  199  19:06  Marine  
  200  19:16  Viking x2  
  200  19:22  Planetary Fortress  
  200  19:26  Planetary Fortress  
  191  19:46  Viking x2  
  153  20:36  Viking x8  
Tags
 
Add a new tag
Caveats
  • Supply blocks, unpowered buildings, or Contaminate may cause inaccurate times.
  • Supply counts are checked every 10 seconds.